 Dungeon Crawl Stone Soup version 0.28-a0-1629-gf728b707aa (webtiles) character file.

Game seed: 15541289629229082332

346 Bzinder the Vexing (level 6, -4/28 HPs)
             Began as a Spriggan Enchanter on Jan 24, 2022.
             Was an Initiate of Dithmenos.
             Slain by a two-headed ogre (17 damage)
             ... on level 4 of the Dungeon.
             The game lasted 00:06:40 (3042 turns).

Bzinder the Vexing (Spriggan Enchanter)             Turns: 3042, Time: 00:06:41

Health: -4/28      AC:  7    Str:  6    XL:     6   Next: 32%
Magic:  13/16      EV: 17    Int: 16    God:    Dithmenos [......]
Gold:   65         SH:  0    Dex: 16    Spells: 6/17 levels left

rFire   . . .      SeeInvis +   a - +2 dagger
rCold   . . .      Faith    .   (no shield)
rNeg    . . .      Spirit   .   b - +1 robe
rPois   .          Reflect  .   (helmet restricted)
rElec   .          Harm     .   (no cloak)
rCorr   .          Rampage  .   (gloves unavailable)
Will    +....                   (boots unavailable)
Stlth   +++.......              (no amulet)
HPRegen 0.09/turn               l - +4 ring of protection
MPRegen 0.15/turn               (no ring)

@: very quick
A: very small, no large weapons, unfitting armour, see invisible, speed 3
a: Renounce Religion


You were on level 4 of the Dungeon.
You worshipped Dithmenos.
Dithmenos was noncommittal.
You visited 1 branch of the dungeon, and saw 4 of its levels.

You collected 65 gold pieces.

Inventory:

Hand Weapons
 a - a +2 dagger (weapon)
Missiles
 e - 7 poisoned darts (quivered)
Armour
 b - a +1 robe (worn)
Jewellery
 l - a +4 ring of protection (left hand)
Wands
 h - a wand of iceblast (2)
Scrolls
 d - a scroll of amnesia
 k - a scroll of fog {unknown}
 m - a scroll of teleportation
Potions
 c - 2 potions of heal wounds
 f - a potion of berserk rage
 g - a potion of attraction
 i - a potion of magic {unknown}
 j - a potion of curing {unknown}
 n - a potion of resistance {unknown}


   Skills:
 - Level 1.1 Short Blades
 - Level 2.6 Dodging
 + Level 4.9 Stealth
 + Level 6.0 Spellcasting
 + Level 6.5 Hexes


You had 6 spell levels left.
You knew the following spells:

 Your Spells              Type           Power      Damage    Failure   Level
a - Ensorcelled Hibernat  Hex/Ice        30%        N/A       5%          2
b - Tukima's Dance        Hex            25%        N/A       2%          3
c - Dazzling Flash        Conj/Hex       30%        N/A       11%         3
d - Confusing Touch       Hex            25%        N/A       2%          3

Your spell library contained the following spells:

 Spells                   Type           Power      Damage    Failure   Level
 Summon Guardian Golem    Hex/Summ       15%        N/A       11%         3
 Orb of Destruction       Conj           2%         9d5       100%        7
 Spellforged Servitor     Conj/Summ      2%         N/A       100%        7


Dungeon Overview and Level Annotations

Branches:
Dungeon (4/15)
 Temple: D:4-7

Altars:
Dithmenos


Innate Abilities, Weirdness & Mutations

You are very small and have problems with some larger weapons.
You are too small for most types of armour.
You have supernaturally acute eyesight. (SInv)
You cover ground extremely quickly. (Speed+++)


Message History

(D) Dungeon
Where to? (Enter - D:4, ? - help)
You see here a +0 club.
There is a stone staircase leading down here.
You climb downwards.
Found a ring mail.
There is a stone staircase leading up here.
A two-headed ogre comes into view.
It is wielding a +0 giant spiked club and a +0 giant club.
Found an escape hatch in the ceiling.
Casting: Ensorcelled Hibernation (safe; 5% risk of failure)
Confirm with . or Enter, or press ? or * to list all spells.
Aiming: Tukima's Dance (dangerous; 3% risk of failure)
Press: ? - help, Shift-Dir - straight line, f - two-headed ogre
Aim: a two-headed ogre, wielding a +0 giant spiked club and a +0 giant club (asleep, chance to affect: 38%)
Okay, then.
Unknown command.
A kobold and a jelly come into view.
Found 3 gold pieces.
Found a scroll labelled URYLOPH PENARPH.
The kobold shouts!
The two-headed ogre shouts in stereo!
You hear a shout!
You catch the helpless jelly completely off-guard!
You puncture the jelly!
You kill the jelly!
Dithmenos accepts your kill.
Your Spellcasting skill increases to level 6!
Casting: Tukima's Dance (dangerous; 2% risk of failure)
Confirm with . or Enter, or press ? or * to list all spells.
Aiming: Ensorcelled Hibernation (safe; 5% risk of failure)
Press: ? - help, Shift-Dir - straight line, f - two-headed ogre
Aim: a two-headed ogre, wielding a +0 giant spiked club and a +0 giant club (chance to affect: 31%)
The two-headed ogre looks drowsy...
The two-headed ogre shouts in stereo!
The two-headed ogre barely misses you.
The two-headed ogre hits you with a +0 giant club!
Ouch! That really hurt!
You hit the two-headed ogre.
The two-headed ogre is lightly wounded.
The two-headed ogre hits you with a +0 giant spiked club!
Ouch! That really hurt!
You die...

...... #....#
.$...
##.#.#####
####.........
#.......<.#
#.##?..#
#.####.###.##
#....<#.@OK#
#[.###.#####
# .....
.....###
#.####.# #
#.. #.# ..#


You could see a two-headed ogre and a kobold.

Vanquished Creatures
  Sigmund (D:3)
  A jelly (D:4)
  Natasha (thrice) (D:3)
  A gnoll (D:3)
  4 adders
  2 dart slugs
  3 endoplasms
  5 giant cockroaches
  2 goblins
  5 hobgoblins
  3 kobolds
  3 quokkas
  7 ball pythons
  A bat (D:1)
  4 frilled lizards
  2 rats
47 creatures vanquished.

Vanquished Creatures (collateral kills)
  An orc (D:3)
1 creature vanquished.

Grand Total: 48 creatures vanquished

Notes
Turn   | Place    | Note
-------+----------+-------------------------------------------
     0 | D:1      | Bzinder the Spriggan Enchanter began the quest for the Orb.
     0 | D:1      | Reached XP level 1. HP: 9/9 MP: 5/5
    32 | D:1      | Found a faded altar of an unknown god.
   319 | D:1      | Reached XP level 2. HP: 13/13 MP: 7/7
   322 | D:1      | Learned a level 2 spell: Ensorcelled Hibernation
  1105 | D:2      | Found a shadowy altar of Dithmenos.
  1113 | D:2      | Became a worshipper of Dithmenos the Shadowed
  1174 | D:2      | Reached XP level 3. HP: 15/16 MP: 6/9
  1178 | D:2      | Learned a level 3 spell: Tukima's Dance
  1182 | D:2      | Learned a level 3 spell: Dazzling Flash
  1928 | D:3      | Noticed Natasha
  1937 | D:3      | Killed Natasha
  1938 | D:3      | Reached skill level 5 in Hexes
  1938 | D:3      | Reached XP level 4. HP: 21/21 MP: 8/11
  1938 | D:3      | Noticed Natasha
  1950 | D:3      | Killed Natasha
  2066 | D:3      | Noticed Sigmund
  2074 | D:3      | Killed Sigmund
  2075 | D:3      | Reached skill level 5 in Spellcasting
  2075 | D:3      | Reached XP level 5. HP: 24/24 MP: 12/14
  2148 | D:3      | Noticed an ice beast
  2421 | D:3      | Learned a level 3 spell: Confusing Touch
  2531 | D:3      | Reached XP level 6. HP: 28/28 MP: 15/15
  2558 | D:3      | Noticed Natasha
  2561 | D:3      | Killed Natasha
  3030 | D:4      | Noticed a two-headed ogre
  3042 | D:4      | Slain by a two-headed ogre

Illustrated notes

Levels and vault maps discovered:
D:1:      minmay_arrival_doors, layout_rooms, basic_ecumenical_altar
D:2:      layout_rooms, basic_altar
D:3:      minmay_wonky_spiral, layout_loops_ring, uniq_natasha, uniq_sigmund
D:4:      layout_loops_ring

Skill      XL: |  1  2  3  4  5  6 |
---------------+-------------------+-----
Spellcasting   | 3 4 5 6 |  6.0
Hexes          | 4 5 6 |  6.5
Short Blades   | |  1.1
Dodging        | |  2.6
Stealth        | |  4.9

Action                   |  1- 3 |  4- 6 || total
-------------------------+-------+-------++-------
Melee: Dagger            |    92 |    36 ||   128
       Punch             |     3 |       ||     3
Throw: Dart              |       |     5 ||     5
 Cast: Ensorcelled Hiber |    12 |     8 ||    20
       Tukima's Dance    |     2 |       ||     2
       Dazzling Flash    |       |     1 ||     1
Evoke: Wand              |       |     3 ||     3
  Use: Potion            |     1 |       ||     1
       Scroll            |     9 |     1 ||    10
 Stab: Sleeping          |    14 |    10 ||    24
       Invisible         |     2 |       ||     2
       Distracted        |       |     1 ||     1
Armor: Robe              |    12 |     2 ||    14
Dodge: Dodged            |    66 |    20 ||    86

Table legend: (Time is in decaauts)
 A = Elapsed time spent in this place.
 B = Non-inter-level travel time spent in this place.
 C = Inter-level travel time spent in this place.
 D = Time resting spent in this place.
 E = Time spent auto-exploring this place.
 F = Levels seen in this place.
 G = Mean time per level.
                   A        B        C        D        E       F      G
               +--------+--------+--------+--------+--------+-----+--------+
         Total |   2393 |   2340 |     53 |    427 |   1479 |   4 |  598.2 |
       Dungeon |   2393 |   2340 |     53 |    427 |   1479 |   4 |  598.2 |
               +--------+--------+--------+--------+--------+-----+--------+

Top non-repeatable levels by time:
     D:3: 902 daAuts
     D:1: 807 daAuts
     D:2: 673 daAuts
     D:4: 9 daAuts
